Map: Frost LE

Players

Fropez

  • Race: Protoss Protoss
  • League: Gold
  • Spawn Location: 5:00

IIIIIIIIIIII - Winner!

  • Race: Zerg Zerg
  • League: Silver
  • Spawn Location: 1:00

VOD

Have the link to the VOD?

Description

Time

  • Played on: Nov. 9, 2016, 7:35 p.m.
  • Length: 16:31
Show
View Real Time Build Order
Export as new Build Order

Fropez Protoss 

Build Orders:  

Get SALT Encoding   

  12  0:01  Probe (Chrono Boost)  
  13  0:11  Probe (Chrono Boost)  
  14  0:18  Pylon  
  14  0:24  Probe (Chrono Boost)  
  15  0:36  Probe (Chrono Boost), Assimilator  
  16  0:46  Gateway  
  16  0:49  Probe (Chrono Boost)  
  17  1:00  Probe (Chrono Boost)  
  18  1:10  Probe (Chrono Boost)  
  19  1:19  Assimilator  
  19  1:25  Probe (Chrono Boost)  
  20  1:28  Pylon  
  20  1:34  Cybernetics Core  
  20  1:37  Probe (Chrono Boost)  
  21  1:48  Probe (Chrono Boost)  
  22  2:03  Gateway  
  22  2:06  Pylon  
  22  2:10  Warp Gate (Chrono Boost)  
  22  2:12  Mothership Core (Chrono Boost)  
  24  2:26  Twilight Council  
  24  2:36  Probe  
  24  2:44  Pylon  
  24  2:48  Probe  
  24  2:50  Adept (Chrono Boost)  
  29  2:52  Adept (Chrono Boost)  
  29  3:00  Probe  
  29  3:02  Resonating Glaives (Chrono Boost)  
  30  3:08  Gateway  
  31  3:12  Probe  
  31  3:25  Probe  
  32  3:37  Probe  
  33  3:48  Robotics Facility  
  33  3:49  Probe  
  33  3:52  Pylon  
  34  3:57  Pylon  
  34  4:17  Probe  
  34  4:19  Dark Shrine  
  35  4:29  Probe  
  36  4:35  Warp Prism (Chrono Boost)  
  36  4:37  Gateway  
  38  4:43  Probe  
  39  4:53  Nexus  
  39  4:59  Adept  
  41  5:00  Adept x2  
  41  5:01  Probe  
  46  5:09  Observer (Chrono Boost)  
  47  5:32  Probe  
  48  5:50  Gateway  
  48  5:53  Gateway  
  48  5:55  Probe  
  47  6:01  Dark Templar x4  
  53  6:07  Probe  
  58  6:19  Immortal (Chrono Boost)  
  54  6:41  Dark Templar  
  56  6:52  Dark Templar  
  56  7:13  Adept x3  
  52  7:47  Probe  
  52  7:50  Immortal (Chrono Boost)  
  52  7:51  Nexus  
  55  7:53  Assimilator  
  55  7:54  Assimilator  
  55  7:55  Assimilator  
  55  7:56  Assimilator  
  55  7:59  Probe  
  55  8:00  Pylon x2  
  55  8:02  Pylon  
  55  8:03  Pylon  
  55  8:05  Probe  
  56  8:08  Pylon  
  57  8:18  Forge  
  57  8:19  Pylon  
  57  8:33  Stalker x2  
  61  8:34  Stalker  
  61  8:37  Blink (Chrono Boost)  
  63  8:42  Dark Templar  
  65  8:51  Protoss Ground Weapons Level 1 (Chrono Boost)  
  65  8:54  Immortal  
  67  8:56  Adept x2  
  67  8:58  Adept  
  73  9:18  Adept x2  
  73  9:19  Adept x2  
  81  9:32  Nexus  
  81  9:36  Pylon  
  81  9:39  Pylon  
  81  9:51  Stalker x3  
  87  10:19  Gateway  
  88  10:21  Probe  
  88  10:29  Dark Templar x3  
  88  10:30  Dark Templar x2  
  96  11:03  Dark Templar  
  96  11:04  Dark Templar x2  
  80  11:25  Adept x2  
  80  11:26  Adept  
  80  11:31  Photon Cannon  
  86  11:34  Photon Cannon  
  86  11:36  Photon Cannon  
  86  11:39  Photon Cannon  
  86  11:40  Pylon  
  86  11:42  Probe x2  
  86  11:43  Probe  
  89  11:54  Protoss Ground Weapons Level 2 (Chrono Boost)  
  89  11:58  Stalker x2  
  93  12:01  Adept  
  95  12:10  Probe x2  
  95  12:12  Probe  
  98  12:20  Adept x3  
  80  12:45  Nexus  
  80  12:48  Pylon  
  80  12:50  Pylon  
  80  13:03  Immortal  
  84  13:24  Probe  
  84  13:25  Probe  
  86  13:34  Sentry x5  
  90  13:35  Sentry x2  
  90  13:37  Probe  
  100  14:00  Immortal  
  104  14:03  Zealot x2  
  104  14:07  Zealot  
  110  14:15  Templar Archives  
  110  14:17  Probe  
  110  14:18  Probe  
  110  14:19  Probe  
  113  14:31  Probe  
  113  14:32  Probe  
  63  14:53  High Templar x3  
  63  14:54  High Templar x3  
  63  14:57  Archon x2  
  63  14:58  Archon  
  53  15:34  Nexus  
  53  15:35  Stalker  
  53  15:36  Stalker x3  
  61  16:05  Pylon  
  61  16:08  Dark Templar  
  61  16:09  Dark Templar x2  
Show
View Real Time Build Order
Export as new Build Order

IIIIIIIIIIII Zerg - Winner!

Build Orders: Hatch First 

Get SALT Encoding   

  12  0:01  Drone  
  13  0:09  Drone  
  14  0:18  Overlord  
  14  0:36  Drone x3  
  17  0:56  Hatchery  
  16  1:00  Drone  
  17  1:14  Spawning Pool  
  16  1:20  Drone  
  16  1:21  Drone  
  16  1:24  Drone  
  19  1:32  Drone  
  20  1:42  Overlord  
  20  1:55  Drone  
  20  2:01  Queen  
  23  2:09  Queen  
  23  2:13  Zergling x4  
  27  2:17  Drone  
  28  2:27  Drone x2  
  30  2:33  Overlord  
  30  2:42  Drone  
  31  2:44  Queen  
  31  2:49  Drone x2  
  35  2:57  Extractor  
  34  3:00  Queen  
  34  3:02  Spine Crawler, Drone  
  34  3:03  Drone x2  
  38  3:14  Drone x3  
  38  3:15  Overlord  
  40  3:32  Extractor  
  38  3:41  Spore Crawler  
  38  3:44  Overlord  
  38  3:46  Drone x5  
  42  4:06  Lair  
  42  4:20  Overlord x2  
  42  4:21  Drone x5  
  42  4:22  Drone  
  42  4:23  Roach Warren  
  47  4:27  Extractor, Evolution Chamber  
  47  4:29  Extractor  
  44  4:35  Metabolic Boost  
  44  4:42  Drone x6  
  44  4:43  Drone x3  
  53  5:00  Drone x2  
  53  5:01  Drone  
  53  5:02  Zerg Missile Weapons Level 1  
  56  5:07  Glial Reconstitution  
  56  5:08  Hydralisk Den  
  56  5:09  Overseer  
  55  5:31  Roach  
  55  5:32  Roach x5  
  67  5:39  Hatchery  
  66  6:04  Overlord x5  
  66  6:28  Roach x3  
  70  6:40  Hatchery  
  69  6:58  Roach  
  69  6:59  Roach x2  
  75  7:20  Spore Crawler  
  73  7:31  Hatchery  
  72  7:38  Lair  
  72  7:40  Zergling x2  
  72  7:41  Zergling x6  
  76  7:47  Hatchery  
  75  7:55  Hatchery  
  75  7:57  Hatchery  
  73  8:09  Roach x5  
  83  8:15  Spine Crawler x2, Spore Crawler  
  80  8:30  Overlord x2  
  80  8:42  Hydralisk Den  
  80  8:43  Drone x3  
  84  8:50  Zerg Missile Weapons Level 2  
  84  9:09  Queen  
  83  9:12  Drone x3  
  83  9:13  Drone x8  
  94  9:21  Queen  
  96  9:26  Hydralisk  
  96  9:27  Hydralisk x6  
  110  9:37  Overlord x2  
  110  9:38  Overlord  
  110  9:42  Muscular Augments  
  110  9:49  Extractor  
  110  9:50  Extractor  
  108  9:53  Hydralisk x4  
  108  9:54  Hydralisk  
  118  10:09  Drone  
  118  10:10  Drone x11  
  130  10:24  Zergling x16  
  138  10:45  Zergling x2  
  138  10:46  Zergling x18, Spore Crawler  
  145  10:54  Spine Crawler  
  144  11:01  Roach  
  144  11:02  Roach x7  
  141  11:26  Spine Crawler, Roach  
  141  11:27  Roach x7  
  141  11:28  Spine Crawler  
  141  11:29  Spine Crawler  
  154  11:34  Overlord x3  
  154  11:47  Queen  
  156  12:11  Overseer x2  
  156  12:16  Pneumatized Carapace  
  127  12:41  Hatchery  
  127  12:43  Hydralisk x9  
  127  12:44  Hydralisk x8  
  156  12:53  Zerg Ground Armor Level 1  
  156  13:03  Overlord x3  
  156  13:21  Overlord  
  156  13:24  Roach  
  156  13:25  Roach x8  
  174  13:46  Roach x9  
  192  13:59  Roach  
  192  14:00  Roach x2  
  198  14:24  Infestation Pit  
  197  14:31  Spine Crawler  
  197  14:32  Spine Crawler  
  124  15:32  Extractor  
  124  15:34  Extractor  
  122  15:39  Hydralisk x10  
  122  15:40  Hydralisk x19  
  180  16:00  Hatchery  
Tags
 
Matchup
PvZ
Replay Pack
All Mines
Spawn Locations
Close Positions
Add a new tag
Caveats
  • Supply blocks, unpowered buildings, or Contaminate may cause inaccurate times.
  • Supply counts are checked every 10 seconds.